 Dungeon Crawl Stone Soup version 0.30.1-11-g7821555f0a (webtiles) character file.

Game seed: 16894044321341127477

4896 lonewolfV2 the Fighter (level 10, 0/86 HPs)
             Began as a Formicid Fighter on Nov 17, 2023.
             Was a Follower of Qazlal.
             Succumbed to a gnoll sergeant's poison
             ... on level 9 of the Dungeon.
             The game lasted 00:11:21 (8539 turns).

lonewolfV2 the Fighter (Formicid Fighter)           Turns: 8539, Time: 00:11:21

Health: 0/86       AC: 12    Str: 20 (23) XL:     10   Next: 80%
Magic:  14/14      EV:  5    Int:  7 (8)  God:    Qazlal [*.....]
Gold:   424        SH: 27    Dex: 13 (15) Spells: 9/9 levels left

rFire   . . .        a - +0 war axe (heavy)
rCold   . . .        g - +7 tower shield of Music {Rampage}
rNeg    . . .        p - +1 chain mail
rPois   .            (helmet unavailable)
rElec   .            b - +0 cloak
rCorr   .            (no gloves)
SInv    +            (no boots)
Will    +....        r - amulet of reflection Stlth
                     (no ring)
HPRegen 0.34/turn    (no ring)
MPRegen 0.14/turn

%: reflection, rampage
@: mighty, lethally poisoned (0 -> 0)
A: permanent stasis, dig shafts and tunnels, antennae 3, four strong arms
a: Dig, Shaft Self, Renounce Religion


You were on level 9 of the Dungeon.
You worshipped Qazlal.
Qazlal was aware of your devotion.
You visited 2 branches of the dungeon, and saw 9 of its levels.

You collected 424 gold pieces.

Inventory:

Hand Weapons
 a - a +0 heavy war axe (weapon)
 f - a +0 battleaxe
Missiles
 j - 2 throwing nets
Armour
 b - a +0 cloak (worn)
 g - the +7 tower shield of Music (worn) {Rampage}
   (You acquired it on level 5 of the Dungeon)

   Rampage:   It bestows one free step when moving towards enemies.
 p - a +1 chain mail (worn)
Jewellery
 q - an amulet of faith
 r - an amulet of reflection (around neck)
Wands
 c - a wand of charming (2)
 l - a wand of polymorph (8)
Scrolls
 h - 2 scrolls of identify
 i - 2 scrolls of fear
Potions
 d - 2 potions of attraction
 e - a potion of flight
 m - a potion of degeneration
 n - 2 potions of berserk rage
 o - 5 potions of haste


   Skills:
 - Level 10.6 Fighting
 - Level 10.1 Axes
 + Level 6.4 Armour
 - Level 4.0 Shields
 * Level 5.6 Invocations


You had 9 spell levels left.
You didn't know any spells.
Your spell library contained the following spells:

 Spells                   Type           Power      Damage    Failure   Level
 Magic Dart               Conj           0%         1d3       100%        1
 Shock                    Conj/Air       0%         1d3       100%        1
 Call Imp                 Summ           0%         N/A       100%        2
 Lesser Beckoning         Tloc           0%         N/A       100%        2
 Sublimation of Blood     Necr           0%         N/A       100%        2
 Gell's Gravitas          Tloc           0%         N/A       100%        3
 Mephitic Cloud           Conj/Pois/Air  0%         N/A       100%        3
 Ozocubu's Armour         Ice            0%         N/A       100%        3
 Portal Projectile        Hex/Tloc       0%         N/A       100%        3
 Teleport Other           Tloc           0%         N/A       100%        3
 Tukima's Dance           Hex            0%         N/A       100%        3
 Airstrike                Air            0%         2d(0-16)  100%        4
 Petrify                  Tmut/Erth      0%         N/A       100%        4
 Blade Hands              Tmut           0%         N/A       100%        5
 Irradiate                Conj/Tmut      0%         3d11      100%        5
 Dispersal                Tloc           0%         N/A       100%        6
 Ozocubu's Refrigeration  Ice            0%         4d7       100%        7
 Swiftness                Air            Unusable   N/A       N/A         3

Dungeon Overview and Level Annotations

Branches:
Dungeon (9/15)             Temple (1/1) D:5            Lair (0/5) D:8
    Orc: D:9-12

Altars:
Ashenzari
Cheibriados
Dithmenos
Elyvilon
Fedhas
Gozag
Hepliaklqana
Kikubaaqudgha
Makhleb
Nemelex Xobeh
Okawaru
Qazlal
Ru
Sif Muna
Trog
Uskayaw
Vehumet
Wu Jian
Xom
Yredelemnul
Zin
The Shining One

Annotations:
Temple 4 transporters


Innate Abilities, Weirdness & Mutations

You cannot be hasted, slowed, berserked, paralysed or teleported.
You can dig through walls and to a lower floor.
You have a pair of large antennae on your head. (SInv)
Your four strong arms can wield two-handed weapons with a shield.


Message History

You feel sick. You block the gnoll sergeant's attack.
The gnoll sergeant hits you but does no damage.
You are more poisoned.
You closely miss the gnoll sergeant.
You feel very sick. You block the gnoll sergeant's attack.
You hit the gnoll sergeant but do no damage.
You feel sick.
You block the gnoll sergeant's attack. x2
You barely miss the gnoll sergeant.
You feel sick.
You block the gnoll sergeant's attack. x2
You barely miss the gnoll sergeant.
You feel sick.
You are no longer poisoned.
The gnoll sergeant hits you with a +2 spear of venom!
* * * LOW HITPOINT WARNING * * *
You are lethally poisoned!
You block the gnoll sergeant's attack.
You barely miss the gnoll sergeant.
* * * LOW HITPOINT WARNING * * *
You feel very sick. You block the gnoll sergeant's attack.
It was a potion of degeneration.
There was something very wrong with that liquid.
You feel weakened.
You feel dopey.
You feel clumsy.
* * * LOW HITPOINT WARNING * * *
You feel sick. You block the gnoll sergeant's attack.
Okay, then.
You feel very mighty all of a sudden.
* * * LOW HITPOINT WARNING * * *
You feel sick. You block the gnoll sergeant's attack.
You slash the gnoll sergeant!
The gnoll sergeant is heavily wounded.
* * * LOW HITPOINT WARNING * * *
You feel sick.
You block the gnoll sergeant's attack. x2
You slash the gnoll sergeant!
The gnoll sergeant is almost dead.
* * * LOW HITPOINT WARNING * * *
You feel sick.
You block the gnoll sergeant's attack. x2
You barely miss the gnoll sergeant.
The gnoll sergeant is almost dead.
You die...

##) #. { {
#. { .. {
#. #.
..#.######
#.
#....g#.#
##
#@.########
##.
##.#......#
#..
#...####.#
##. #####
#.# #.
#.#######.
#.........
##########


You could see a gnoll sergeant.

Vanquished Creatures
  A kobold demonologist (D:7)
  Grinder (D:6)
  3 yaks (D:8)
  A wraith (D:8)
  A steam dragon (D:8)
  2 acid dragons
  3 orc warriors
  2 sky beasts
  An ice beast (D:5)
  2 ogres
  2 centaurs
  3 phantoms
  A kobold brigand (D:5)
  3 bullfrogs (D:9)
  3 scorpions
  10 wights
  8 killer bees
  A howler monkey (D:9)
  7 hounds
  5 jellies
  3 orc priests
  A sleepcap (D:8)
  5 iguanas
  8 orc wizards
  7 adders
  4 gnolls (D:5)
  2 shadow imps
  4 white imps
  A worm (D:3)
  A dart slug (D:1)
  24 orcs
  8 bats
  5 endoplasms
  3 giant cockroaches
  7 goblins
  9 hobgoblins
  6 jackals (D:3)
  5 quokkas
  7 ball pythons
  4 frilled lizards
  14 kobolds
  2 rats (D:3)
190 creatures vanquished.

Notes
Turn   | Place    | Note
-------+----------+-------------------------------------------
     0 | D:1      | lonewolfV2 the Formicid Fighter began the quest for the
                  | Orb.
     0 | D:1      | Reached XP level 1. HP: 18/18 MP: 1/1
   129 | D:1      | Reached XP level 2. HP: 24/24 MP: 2/2
   389 | D:1      | Reached XP level 3. HP: 27/30 MP: 3/3
   925 | D:2      | Reached XP level 4. HP: 30/32 MP: 4/4
  1612 | D:3      | Reached XP level 5. HP: 39/41 MP: 5/5
  1697 | D:3      | Identified the +6 mace of the Heavens {holy, Fragile rPois
                  | rN+++ Stlth-}
  1789 | D:3      | You fall into a shaft and drop 2 floors!
  1789 | D:5      | Entered Level 5 of the Dungeon
  1850 | D:5      | Reached skill level 5 in Fighting
  1915 | D:5      | Noticed a phantom
  1927 | D:5      | Killed a phantom
  1928 | D:5      | Reached XP level 6. HP: 43/51 MP: 6/6
  1984 | D:5      | Noticed an ice beast
  1994 | D:5      | Killed an ice beast
  2116 | D:5      | Found a staircase to the Ecumenical Temple.
  2128 | Temple   | Entered the Ecumenical Temple
  2128 | Temple   | Found a transporter.
  2128 | Temple   | Found a transporter.
  2130 | Temple   | Found a transporter.
  2130 | Temple   | Found a transporter.
  2251 | D:5      | Reached skill level 5 in Axes
  2256 | D:5      | Reached XP level 7. HP: 22/58 MP: 7/7
  3601 | D:5      | Reached XP level 8. HP: 67/67 MP: 8/8
  3683 | D:5      | Identified a scroll of acquirement
  3683 | D:5      | Acquired the +7 tower shield of Music {Rampage}
  4272 | D:6      | Noticed Grinder
  4296 | D:6      | Killed Grinder
  4297 | D:6      | Reached XP level 9. HP: 18/75 MP: 9/9
  5054 | D:6      | Found a stormy altar of Qazlal.
  5061 | D:6      | Became a worshipper of Qazlal Stormbringer
  5146 | D:6      | Found a burning altar of Makhleb.
  5922 | D:7      | Found a shadowy altar of Dithmenos.
  6189 | D:7      | Reached skill level 10 in Fighting
  6191 | D:7      | HP: 1/78 [killer bee (5)]
  6767 | D:7      | Noticed a kobold demonologist
  6774 | D:7      | Killed a kobold demonologist
  6836 | D:8      | Reached XP level 10. HP: 68/86 MP: 10/10
  7328 | D:8      | Found a staircase to the Lair.
  7497 | D:8      | Reached * piety under Qazlal
  7498 | D:8      | Reached skill level 10 in Axes
  7498 | D:8      | Reached skill level 5 in Armour
  7959 | D:8      | Reached skill level 1 in Invocations
  8268 | D:9      | Reached skill level 5 in Invocations
  8535 | D:9      | HP: 4/86 [poisoned by a gnoll sergeant]
  8538 | D:9      | HP: 1/86 [poisoned by a gnoll sergeant]
  8539 | D:9      | Succumbed to a gnoll sergeant's poison

Illustrated notes

Levels and vault maps discovered:
D:1:      minmay_arrival_diagonal_passages, layout_basic,
          kennysheep_small_spiral, corexii_item_surrounded_by_moat,
          hangedman_abyss_or_decor_lesser_grid, corexii_corridor_pit,
          grunt_decor_one_mirror, chequers_serial_rivers_room_a,
          minmay_tetromino_t2
D:2:      layout_basic
D:3:      layout_loops_ring, minmay_pentomino_pile
D:5:      layout_loops_corners, minmay_temple_entry_glassed_door,
          grunt_ministairs_7, feat_on_display
D:6:      minmay_recursive_quarters, layout_basic,
          mainiacjoe_overflow_two_lobes, hangedman_glass_teeth, uniq_grinder
D:7:      layout_basic, mainiacjoe_overflow_24_doors, serial_bayou_crossing
D:8:      layout_gridville, lair_entry_dummy
D:9:      minmay_angry_zag, layout_loops_ring, kennysheep_path_1, uniq_maurice
Temple:   hellmonk_temple_divided_pantheon

Skill      XL: |  1  2  3  4  5  6  7  8  9 10 |
---------------+-------------------------------+-----
Fighting       | 4 5 6 7 8 10 | 10.6
Axes           | 3 4 5 6 7 9 10 | 10.1
Armour         | 6 |  6.4
Invocations    | 5 |  5.6
Shields        | |  4.0

Action                     |  1- 3 |  4- 6 |  7- 9 | 10-12 || total
---------------------------+-------+-------+-------+-------++-------
  Melee: War axe           |    79 |   142 |   260 |   129 ||   610
    Use: Scroll            |     3 |     3 |     9 |     3 ||    18
         Potion            |       |       |    11 |     4 ||    15
 Armour: Scale mail        |    47 |    80 |    58 |       ||   185
         Chain mail        |       |       |    54 |    37 ||    91
  Dodge: Dodged            |    55 |    52 |    66 |    15 ||   188
  Block: Buckler           |    43 |    40 |    15 |       ||    98
         Tower shield      |       |       |   246 |   211 ||   457
         Reflection        |       |       |       |     3 ||     3
